 Dungeon Sprint DCSS version 0.29-a0-1033-gb6c65ffae6 (webtiles) character file.

Game seed: 11549175453598704327

8813 mhtbhm the Sorcerer (level 11, 0/54 HPs)
             Began as a Deep Elf Fire Elementalist on Aug 14, 2022.
             Was the Champion of Vehumet.
             Shot with an arrow by a deep elf master archer (37 damage)
             ... in the Dungeon (Sprint III: "The Ten Rune Challenge").
             The game lasted 00:09:43 (3025 turns).

mhtbhm the Sorcerer (Deep Elf Fire Elementalist)    Turns: 3025, Time: 00:09:44

Health: 0/54       AC:  2    Str:  5    XL:     11   Next: 14%
Magic:  33/39      EV: 14    Int: 25    God:    Vehumet [******]
Gold:   1930       SH:  0    Dex: 15    Spells: 30/55 levels left

rFire   . . .      SeeInvis .   (no weapon)
rCold   . . .      Faith    .   (no shield)
rNeg    . . .      Spirit   .   a - +0 robe
rPois   .          Reflect  .   (no helmet)
rElec   .          Harm     .   (no cloak)
rCorr   .          Rampage  .   (no gloves)
Will    +....      NoTele   +   (no boots)
Stlth   +++.......              (no amulet)
HPRegen 0.18/turn               (no ring)
MPRegen 0.26/turn               (no ring)

@: no status effects
A: no striking features
a: Renounce Religion


You were in the Dungeon.
You worshipped Vehumet.
Vehumet was exalted by your worship.
You visited 1 branch You collected 1930 gold pieces.

Inventory:

Armour
 a - a +0 robe (worn)
Scrolls
 h - a scroll of butterflies
 j - 2 scrolls of poison
Potions
 b - 3 potions of magic
 c - 2 potions of curing
 e - a potion of haste
 f - a potion of berserk rage
 i - 2 potions of flight
 l - 5 potions of mutation
Miscellaneous
 n - a lightning rod (inert)


   Skills:
 + Level 0.2 Fighting
 + Level 5.5 Dodging
 + Level 4.5 Stealth
 + Level 22.9 Spellcasting
 + Level 9.0 Conjurations
 + Level 5.9 Hexes
 + Level 18.6 Fire Magic
 + Level 0.7 Ice Magic
 + Level 2.1 Air Magic
 + Level 0.4 Poison Magic
 + Level 3.6 Evocations


You had 30 spell levels left.
You knew the following spells:

 Your Spells              Type           Power      Damage    Failure   Level
a - Foxfire               Conj/Fire      100%       2x1d9     0%          1
b - Scorch                Fire           100%       2d10      0%          2
c - Conjure Flame         Conj/Fire      78%        6-21      0%          3
d - Inner Flame           Hex/Fire       74%        N/A       1%          3
e - Flame Wave            Conj/Fire      78%        2d17      1%          4
f - Mephitic Cloud        Conj/Pois/Air  47%        N/A       1%          3
g - Sticky Flame          Conj/Fire      78%        2d9       1%          4
h - Freezing Cloud        Conj/Ice/Air   24%        6-21      1%          5

Your spell library contained the following spells:

 Spells                   Type           Power      Damage    Failure   Level
 Starburst                Conj/Fire      39%        6d11      1%          6
 Sting                    Tmut/Pois      100%       1d8       1%          1
 Poisonous Vapours        Pois/Air       70%        N/A       1%          2
 Olgreb's Toxic Radiance  Pois           30%        N/A       3%          4
 Gell's Gravitas          Tloc           28%        N/A       4%          3
 Lesser Beckoning         Tloc           28%        N/A       4%          3
 Teleport Other           Tloc           28%        N/A       4%          3


Dungeon Overview and Level Annotations

Branches:
Dungeon (1/1)

Altars:
Cheibriados
Dithmenos
Elyvilon
Fedhas
Gozag
Hepliaklqana
Kikubaaqudgha
Makhleb
Nemelex Xobeh
Okawaru
Qazlal
Ru
Sif Muna
Trog
Uskayaw
Vehumet
Wu Jian
Xom
Yredelemnul
Zin
The Shining One
Jiyva
Lugonu

Shops:
D [


Message History

There is an open door here.
Things that are here:
a +0 scimitar; a +0 shortbow You see here a +0 rapier.
Unknown command.
Casting: Freezing Cloud (dangerous; 1% risk of failure)
Confirm with . or Enter, or press ? or * to list all spells.
Aiming: Inner Flame (safe; 1% risk of failure)
Press: ? - help, Dir - move target, f - deep elf high priest
Aim: a deep elf high priest, wielding a +2 battleaxe of pain and wearing the +7 scale mail of Gehenna {rElec} (chance to affect: 68%)
The deep elf high priest struggles to resist.
Unknown command.
Casting: Inner Flame (safe; 1% risk of failure)
Confirm with . or Enter, or press ? or * to list all spells.
Aiming: Inner Flame (safe; 1% risk of failure)
Press: ? - help, Dir - move target, f - deep elf master archer, p - deep elf high priest
Aim: a deep elf master archer, wielding a +0 longbow and wearing +2 shadow dragon scales (chance to affect: 50%)
The deep elf master archer is filled with an inner flame.
Unknown command.
Aiming: Iceblast
Press: ? - help, Shift-Dir - straight line, f/p - deep elf master archer
Aim: a deep elf master archer, wielding a +0 longbow and wearing +2 shadow dragon scales (inner flame)
The mass of ice explodes!
The iceblast engulfs the deep elf master archer!
Flame seeps out of the deep elf master archer.
The deep elf master archer is lightly wounded.
The iceblast engulfs the deep elf high priest!
The deep elf high priest is moderately wounded.
The now-empty wand crumbles to dust.
You hear a shout!
The deep elf master archer is engulfed in blazing flames.
Flame seeps out of the deep elf master archer.
The deep elf master archer shoots an arrow.
The arrow hits you!
The deep elf master archer is engulfed in blazing flames.
Flame seeps out of the deep elf master archer.
The deep elf master archer shoots an arrow.
The arrow hits you!!!
Ouch! That really hurt!
You die...

▓▓▓▓▓▓ ▓▓▓
#.#..###.######### ###
#.#.##.#...'.#...# ...'
#..)).....##)#...##≈≈≈≈#
#)..)....###.#...≈≈≈ee..
#))))....# #)#..@##≈≈≈≈#
#)##∩#..## #.))..# ).'
#..#.#..# ####### #
#'######### #..§~§'.#.+
#.#§~§#.#E# '.#§§.#.#.#
#.#§..#...# ▓▓▓▓▓▓▓▓▓▓▓


You could see a deep elf master archer (inner flame) and a deep elf high priest.

Vanquished Creatures
  A deep elf annihilator (D)
  A deep elf death mage (D)
  Erica (D)
  2 orc high priests (D)
  2 deep elf knights (D)
  2 orc knights (D)
  6 deep elf pyromancers (D)
  A shadow (D)
  A spatial vortex (D)
  3 orc warriors (D)
  A water elemental (D)
  A necrophage (D)
  A jelly (D)
  3 orc priests (D)
  Jessica (D)
  A wizard (D)
  A necromancer (D)
  An orc wizard (D)
  A kobold demonologist (D)
  3 humans (D)
  A wolf (D)
  7 orcs (D)
  2 endoplasms (D)
  A rat (D)
45 creatures vanquished.

Vanquished Creatures (others)
  27 foxfires (D)
27 creatures vanquished.

Grand Total: 72 creatures vanquished

Notes
Turn   | Place    | Note
-------+----------+-------------------------------------------
     0 | D        | mhtbhm the Deep Elf Fire Elementalist began the quest for
                  | the Orb.
     0 | D        | Reached XP level 1. HP: 10/10 MP: 6/6
   308 | D        | Noticed Jessica
   314 | D        | Killed Jessica
   315 | D        | Reached skill level 4 in Spellcasting
   315 | D        | Reached skill level 5 in Fire Magic
   315 | D        | Reached XP level 2. HP: 15/15 MP: 2/9
   315 | D        | Reached XP level 3. HP: 19/19 MP: 2/11
   393 | D        | Learned a level 2 spell: Scorch
   397 | D        | Learned a level 3 spell: Conjure Flame
   401 | D        | Learned a level 3 spell: Inner Flame
   404 | D        | Reached skill level 5 in Spellcasting
   520 | D        | Noticed a water elemental
   524 | D        | Killed a water elemental
   525 | D        | Reached skill level 7 in Spellcasting
   525 | D        | Reached XP level 4. HP: 4/24 MP: 6/15
   773 | D        | Learned a level 4 spell: Flame Wave
   874 | D        | Found a radiant altar of Vehumet.
   874 | D        | Found a shimmering blue altar of Sif Muna.
   874 | D        | Found an ancient bone altar of Kikubaaqudgha.
   874 | D        | Noticed a wizard
   877 | D        | Killed a wizard
   878 | D        | Reached XP level 5. HP: 28/28 MP: 5/17
   881 | D        | Reached skill level 8 in Spellcasting
   985 | D        | Became a worshipper of Vehumet
  1085 | D        | Found a shadowy altar of Dithmenos.
  1089 | D        | Reached skill level 9 in Spellcasting
  1089 | D        | Found a basalt altar of Yredelemnul.
  1089 | D        | Found a sacrificial altar of Ru.
  1140 | D        | Found a glowing silver altar of Zin.
  1140 | D        | Found a glowing golden altar of the Shining One.
  1140 | D        | Found a white marble altar of Elyvilon.
  1140 | D        | Noticed a deep elf pyromancer
  1146 | D        | Killed a deep elf pyromancer
  1146 | D        | Reached * piety under Vehumet
  1146 | D        | Offered knowledge of Sandblast by Vehumet.
  1147 | D        | Reached skill level 13 in Spellcasting
  1147 | D        | Reached skill level 5 in Conjurations
  1147 | D        | Reached XP level 6. HP: 17/32 MP: 14/24
  1147 | D        | Reached XP level 7. HP: 19/36 MP: 14/25
  1293 | D        | Found a hide-covered altar of Uskayaw.
  1293 | D        | Found an iron altar of Okawaru.
  1293 | D        | Found a bloodstained altar of Trog.
  1293 | D        | Found an ornate altar of the Wu Jian Council.
  1293 | D        | Noticed a human
  1293 | D        | Noticed a human
  1296 | D        | Killed a human
  1302 | D        | Killed a human
  1303 | D        | Reached skill level 14 in Spellcasting
  1355 | D        | Reached ** piety under Vehumet
  1355 | D        | Offered knowledge of Freeze by Vehumet.
  1356 | D        | Reached XP level 8. HP: 41/41 MP: 24/28
  1440 | D        | Found a blossoming altar of Fedhas.
  1440 | D        | Found a stormy altar of Qazlal.
  1440 | D        | Found a snail-covered altar of Cheibriados.
  1440 | D        | Found a burning altar of Makhleb.
  1440 | D        | Found a shimmering altar of Xom.
  1441 | D        | Found a hazy altar of Hepliaklqana.
  1441 | D        | Found an opulent altar of Gozag.
  1441 | D        | Found a sparkling altar of Nemelex Xobeh.
  1441 | D        | Found a corrupted altar of Lugonu.
  1441 | D        | Found a viscous altar of Jiyva.
  1461 | D        | Reached skill level 5 in Dodging
  1461 | D        | Reached skill level 15 in Spellcasting
  1585 | D        | Noticed Erica
  1590 | D        | Killed Erica
  1590 | D        | Offered knowledge of Mephitic Cloud by Vehumet.
  1591 | D        | Reached skill level 16 in Spellcasting
  1658 | D        | Learned a level 3 spell: Mephitic Cloud
  1663 | D        | Noticed an orc knight
  1665 | D        | Noticed an orc high priest
  1666 | D        | Reached *** piety under Vehumet
  1670 | D        | Killed an orc knight
  1670 | D        | Offered knowledge of Sticky Flame by Vehumet.
  1670 | D        | Killed an orc high priest
  1671 | D        | Reached skill level 18 in Spellcasting
  1671 | D        | Reached skill level 1 in Hexes
  1671 | D        | Reached skill level 15 in Fire Magic
  1671 | D        | Reached skill level 1 in Evocations
  1671 | D        | Reached XP level 9. HP: 45/45 MP: 23/33
  1671 | D        | Reached **** piety under Vehumet
  1680 | D        | Reached skill level 19 in Spellcasting
  1680 | D        | Noticed an orc knight
  1682 | D        | Reached ***** piety under Vehumet
  1682 | D        | Killed an orc knight
  1683 | D        | Noticed an orc high priest
  1687 | D        | Noticed a rust devil
  1688 | D        | Killed an orc high priest
  1689 | D        | Reached skill level 20 in Spellcasting
  1689 | D        | Reached XP level 10. HP: 50/50 MP: 4/36
  1789 | D        | Found Nohe's Armour Shop.
  1874 | D        | Learned a level 4 spell: Sticky Flame
  1889 | D        | Noticed a deep elf knight
  1889 | D        | Noticed a deep elf knight
  1889 | D        | Noticed a deep elf pyromancer
  1889 | D        | Noticed a deep elf pyromancer
  1889 | D        | Noticed a deep elf pyromancer
  1900 | D        | Killed a deep elf knight
  1900 | D        | Offered knowledge of Freezing Cloud by Vehumet.
  1900 | D        | Killed a deep elf pyromancer
  1900 | D        | Reached ****** piety under Vehumet
  1901 | D        | Reached skill level 1 in Air Magic
  1901 | D        | Killed a deep elf pyromancer
  1902 | D        | Reached skill level 21 in Spellcasting
  1904 | D        | Killed a deep elf knight
  1906 | D        | Killed a deep elf pyromancer
  2090 | D        | Learned a level 5 spell: Freezing Cloud
  2090 | D        | Identified the ring of the Present {*Slow rN+ Will+ Str+3}
  2090 | D        | Noticed a deep elf annihilator
  2090 | D        | Identified the +7 scale mail of Gehenna {rElec}
  2090 | D        | Noticed a deep elf high priest
  2301 | D        | Noticed a deep elf pyromancer
  2305 | D        | Killed a deep elf pyromancer
  2305 | D        | Offered knowledge of Starburst by Vehumet.
  2305 | D        | Noticed a deep elf pyromancer
  2306 | D        | Reached skill level 22 in Spellcasting
  2306 | D        | Reached skill level 5 in Hexes
  2309 | D        | Noticed a deep elf annihilator
  2309 | D        | Noticed a deep elf death mage
  2313 | D        | Killed a deep elf annihilator
  2314 | D        | Reached XP level 11. HP: 54/54 MP: 30/39
  2318 | D        | Killed a deep elf pyromancer
  2323 | D        | Noticed a deep elf master archer
  2326 | D        | Killed a ghostly deep elf pyromancer
  2590 | D        | Killed a deep elf death mage
  3025 | D        | Shot with an arrow by a deep elf master archer

Illustrated notes

Levels and vault maps discovered:
D:        dungeon_sprint_mu [sprint_mu_entry_cave, sprint_mu_temple_rooms,
          sprint_mu_d1_horrors, sprint_mu_d2_genie, sprint_mu_d3_branching,
          sprint_mu_orc_legion, sprint_mu_elf_gauntlet, sprint_mu_hive_nellie,
          sprint_mu_lair_fedhas, sprint_mu_vaults_butterflies,
          sprint_mu_slime_circle, sprint_mu_swamp_cave, sprint_mu_snake_twists,
          sprint_mu_blade_basic, sprint_mu_crypt_lich, sprint_mu_tomb_spiral,
          sprint_mu_vestibule_basic, sprint_mu_gehenna_hellfire,
          sprint_mu_dis_giant, sprint_mu_tartarus_statrot,
          sprint_mu_cocytus_islands, sprint_mu_zot1]

Skill      XL: |  1  2  3  4  5  6  7  8  9 10 11 |
---------------+----------------------------------+-----
Fire Magic     | 5 8 12 13 15 16 18 | 18.6
Dodging        | 3 4 5 |  5.5
Stealth        | 3 4 |  4.5
Spellcasting   | 4 7 13 14 18 20 22 | 22.9
Conjurations   | 2 3 5 6 7 8 9 |  9.0
Hexes          | 1 3 5 |  5.9
Evocations     | 1 3 |  3.6
Air Magic      | 1 2 |  2.1
Fighting       | |  0.2
Ice Magic      | |  0.7
Poison Magic   | |  0.4

Action                   |  1- 3 |  4- 6 |  7- 9 | 10-12 || total
-------------------------+-------+-------+-------+-------++-------
 Cast: Foxfire           |    10 |       |     3 |     3 ||    16
       Scorch            |     7 |     8 |    21 |     3 ||    39
       Flame Wave        |       |     1 |     7 |     4 ||    12
       Inner Flame       |       |       |     5 |    10 ||    15
       Mephitic Cloud    |       |       |     1 |     2 ||     3
       Freezing Cloud    |       |       |       |     4 ||     4
Evoke: Lightning rod     |       |       |     3 |     6 ||     9
       Wand              |       |       |       |    10 ||    10
  Use: Potion            |       |     1 |       |     1 ||     2
       Scroll            |       |       |       |     4 ||     4
Armor: Robe              |       |       |     1 |       ||     1
Dodge: Dodged            |     3 |     2 |     5 |     1 ||    11

Table legend: (Time is in decaauts)
 A = Elapsed time spent in this place.
 B = Non-inter-level travel time spent in this place.
 C = Inter-level travel time spent in this place.
 D = Time resting spent in this place.
 E = Time spent auto-exploring this place.
 F = Levels seen in this place.
 G = Mean time per level.
                   A        B        C        D        E       F      G
               +--------+--------+--------+--------+--------+-----+--------+
         Total |   3035 |   3035 |      0 |   2286 |    145 |   1 | 3035.0 |
       Dungeon |   3035 |   3035 |      0 |   2286 |    145 |   1 | 3035.0 |
               +--------+--------+--------+--------+--------+-----+--------+

Top non-repeatable levels by time:
       D: 3035 daAuts
